General information
- name: BNet
- type: Ladder team game (AT/RT)
- host: Battle.net
- saver: therigisreal
map: GolemsInTheMist
- players: 8
- length: 56:39
- speed: Fast
- version: 1.27 W3XP
- replay type: Public
» download(301 KB)
Players
team 1 (loser)

»
OurHope (
teal | 83 APM | 4723 actions | 56:39)
6 Death Knight
3 Death Coil
1 Unholy Aura
1 Death Pact
1 Animate Dead
5 Lich
3 Frost Nova
2 Frost Armor
3 Crypt Lord
2 Impale
1 Spiked Carapace
» actions
| Assign group hotkey | 65 | |
| Basic commands | 206 | |
| Build / train | 96 | |
| ESC pressed | 2 | |
| Enter build submenu | 19 | |
| Enter hero's abilities submenu | 15 | |
| Give item / drop item | 3 | |
| Right click | 1677 | |
| Select / deselect | 446 | |
| Select group hotkey | 2020 | |
| Use ability | 174 | |
4723 total
» units
| Acolyte | 9 | |
| Ghoul | 4 | |
| Crypt Fiend | 13 | |
| Frost Wyrm | 6 | |
32 total
» upgrades
| Creature Attack | 3 | |
| Burrow | 1 | |
| Web | 1 | |
| Creature Carapace | 2 | |
| Freezing Breath | 1 | |
8 total
» buildings
| Graveyard | 1 | |
| Crypt | 1 | |
| Altar of Darkness | 1 | |
| Ziggurat | 8 | |
| Tomb of Relics | 2 | |
| Halls of the Dead | 3 | |
| Black Citadel | 3 | |
| Sacrificial Pit | 1 | |
| Nerubian Tower | 1 | |
| Spirit Tower | 4 | |
| Boneyard | 2 | |
| Necropolis | 1 | |
28 total
» build order
00:11 Graveyard
00:13 Crypt
00:41 Altar of Darkness
00:56 Ziggurat
01:22 Tomb of Relics
01:59 Ziggurat
03:36 Ziggurat
04:25 Halls of the Dead
04:25 Halls of the Dead
04:26 Halls of the Dead
05:35 Ziggurat
06:51 Black Citadel
06:51 Black Citadel
08:11 Sacrificial Pit
08:22 Nerubian Tower
08:31 Spirit Tower
10:16 Boneyard
10:31 Boneyard
10:48 Ziggurat
12:43 Necropolis
13:06 Ziggurat
16:25 Ziggurat
16:26 Ziggurat
19:17 Tomb of Relics
19:19 Spirit Tower
23:22 Spirit Tower
» items
| Rod of Necromancy | 3 | |
| Lesser Clarity Potion | 1 | |
| Potion of Healing | 2 | |
| Orb of Corruption | 4 | |
| Scroll of Town Portal | 5 | |
| Potion of Mana | 1 | |
16 total
appie (
red | 30 APM | 1703 actions | 56:39)
4 Priestess of the Moon
2 Scout
2 Trueshot Aura
» actions
| Assign group hotkey | 19 | |
| Basic commands | 104 | |
| Build / train | 56 | |
| ESC pressed | 4 | |
| Enter build submenu | 36 | |
| Enter hero's abilities submenu | 4 | |
| Give item / drop item | 1 | |
| Right click | 797 | |
| Select / deselect | 414 | |
| Select group hotkey | 201 | |
| Use ability | 67 | |
1703 total
» units
| Wisp | 29 | |
| Archer | 3 | |
| Goblin Shredder | 1 | |
| Chimaera | 10 | |
43 total
» upgrades
| Corrosive Breath | 1 | |
| Nature's Blessing | 1 | |
| Strength of the Wild | 1 | |
3 total
» buildings
| Altar of Elders | 1 | |
| Moon Well | 6 | |
| Ancient of War | 1 | |
| Tree of Ages | 1 | |
| Tree of Life | 1 | |
| Tree of Eternity | 1 | |
| Ancient of Wind | 1 | |
| Ancient of Wonders | 1 | |
| Chimaera Roost | 5 | |
| Hunter's Hall | 1 | |
| Ancient Protector | 18 | |
37 total
» build order
00:18 Altar of Elders
00:31 Moon Well
00:49 Ancient of War
01:38 Moon Well
02:43 Tree of Ages
04:27 Tree of Life
05:07 Tree of Eternity
05:11 Ancient of Wind
05:24 Ancient of Wonders
07:16 Moon Well
07:21 Moon Well
07:30 Chimaera Roost
07:31 Chimaera Roost
07:32 Chimaera Roost
07:34 Chimaera Roost
07:35 Chimaera Roost
08:01 Moon Well
08:08 Moon Well
13:15 Hunter's Hall
17:30 Ancient Protector
17:31 Ancient Protector
17:36 Ancient Protector
17:44 Ancient Protector
17:46 Ancient Protector
17:48 Ancient Protector
17:55 Ancient Protector
18:45 Ancient Protector
19:21 Ancient Protector
19:53 Ancient Protector
19:56 Ancient Protector
20:33 Ancient Protector
20:35 Ancient Protector
20:36 Ancient Protector
21:05 Ancient Protector
21:06 Ancient Protector
21:07 Ancient Protector
21:08 Ancient Protector
» items
| Scroll of Town Portal | 2 | |
| Anti-magic Potion | 1 | |
3 total
therigisreal (
blue | 42 APM | 2354 actions | 56:39)
7 Blademaster
3 Wind Walk
3 Critical Strike
1 Bladestorm
» actions
| Assign group hotkey | 76 | |
| Basic commands | 329 | |
| Build / train | 84 | |
| Enter build submenu | 54 | |
| Enter hero's abilities submenu | 9 | |
| Give item / drop item | 14 | |
| Right click | 853 | |
| Select / deselect | 436 | |
| Select group hotkey | 303 | |
| Use ability | 196 | |
2354 total
» units
| Peon | 17 | |
| Grunt | 6 | |
| Goblin Shredder | 5 | |
| Wind Rider | 9 | |
| Goblin Sapper | 9 | |
| Goblin Zeppelin | 2 | |
| Troll Witch Doctor | 3 | |
51 total
» upgrades
| Ranged Weapons | 3 | |
| Armor | 3 | |
| Reinforced Defenses | 1 | |
| Envenomed Spears | 1 | |
| Spiked Barricades | 1 | |
9 total
» buildings
| Orc Burrow | 7 | |
| Altar of Storms | 2 | |
| Barracks | 2 | |
| Voodoo Lounge | 2 | |
| Stronghold | 3 | |
| War Mill | 2 | |
| Beastiary | 4 | |
| Great Hall | 6 | |
| Fortress | 1 | |
| Watch Tower | 44 | |
| Spirit Lodge | 1 | |
74 total
» build order
00:13 Orc Burrow
00:57 Altar of Storms
00:59 Barracks
01:04 Barracks
01:05 Altar of Storms
01:16 Orc Burrow
02:17 Voodoo Lounge
02:49 Stronghold
02:50 Stronghold
03:58 Orc Burrow
04:36 War Mill
05:24 Beastiary
05:26 Beastiary
05:36 Orc Burrow
08:14 Great Hall
10:20 War Mill
11:42 Fortress
13:34 Beastiary
13:36 Beastiary
16:05 Watch Tower
16:06 Watch Tower
16:06 Watch Tower
16:07 Watch Tower
16:08 Watch Tower
16:09 Watch Tower
16:10 Watch Tower
16:11 Watch Tower
16:14 Watch Tower
16:16 Watch Tower
17:06 Great Hall
17:12 Watch Tower
17:12 Watch Tower
17:13 Watch Tower
17:13 Watch Tower
17:15 Watch Tower
17:16 Watch Tower
17:16 Watch Tower
17:16 Watch Tower
17:17 Watch Tower
17:18 Watch Tower
17:18 Watch Tower
17:18 Watch Tower
17:20 Watch Tower
17:21 Watch Tower
17:22 Watch Tower
17:23 Watch Tower
18:06 Watch Tower
18:07 Watch Tower
18:08 Watch Tower
18:09 Watch Tower
18:11 Watch Tower
18:12 Watch Tower
18:12 Watch Tower
18:21 Watch Tower
18:23 Watch Tower
18:25 Watch Tower
18:26 Watch Tower
18:27 Watch Tower
18:28 Watch Tower
21:56 Great Hall
22:05 Orc Burrow
22:07 Orc Burrow
22:10 Orc Burrow
22:37 Great Hall
23:15 Watch Tower
30:15 Spirit Lodge
32:20 Great Hall
34:57 Watch Tower
34:57 Watch Tower
34:58 Watch Tower
34:59 Watch Tower
35:32 Great Hall
46:40 Voodoo Lounge
» items
| Healing Salve | 4 | |
| Potion of Healing | 2 | |
| Potion of Mana | 1 | |
| Lesser Clarity Potion | 1 | |
| Scroll of Town Portal | 2 | |
| Orb of Lightning | 1 | |
| Orb of Corruption | 1 | |
12 total

»
Lycheehunter (
purple | 42 APM | 1697 actions | 40:53)
3 Keeper of the Grove
2 Entangling Roots
1 Thorns Aura
3 Priestess of the Moon
2 Trueshot Aura
1 Searing Arrows
» actions
| Assign group hotkey | 11 | |
| Basic commands | 45 | |
| Build / train | 76 | |
| ESC pressed | 7 | |
| Enter build submenu | 22 | |
| Enter hero's abilities submenu | 7 | |
| Remove unit from queue | 1 | |
| Right click | 1080 | |
| Select / deselect | 297 | |
| Select group hotkey | 77 | |
| Use ability | 73 | |
1697 total
» units
| Wisp | 26 | |
| Archer | 17 | |
| Huntress | 8 | |
| Druid of the Talon | 8 | |
59 total
» upgrades
| Druid of the Talon Training | 2 | |
| Mark of the Talon | 1 | |
| Upgrade Moon Glaive | 1 | |
4 total
» buildings
| Altar of Elders | 3 | |
| Moon Well | 9 | |
| Ancient of War | 5 | |
| Tree of Ages | 1 | |
| Ancient of Wonders | 1 | |
| Hunter's Hall | 1 | |
| Tree of Eternity | 1 | |
| Ancient of Wind | 1 | |
| Tree of Life | 2 | |
24 total
» build order
00:08 Altar of Elders
00:14 Moon Well
00:48 Ancient of War
01:26 Moon Well
02:41 Moon Well
03:59 Tree of Ages
04:08 Ancient of Wonders
04:28 Ancient of War
04:34 Hunter's Hall
09:25 Tree of Eternity
09:30 Ancient of Wind
11:38 Moon Well
11:39 Moon Well
13:04 Moon Well
19:33 Altar of Elders
19:37 Moon Well
21:25 Tree of Life
27:06 Altar of Elders
27:12 Ancient of War
38:18 Ancient of War
38:57 Ancient of War
39:11 Moon Well
39:23 Tree of Life
39:42 Moon Well
team 2 (winner)
Phantom299 (
yellow | 88 APM | 862 actions | 09:45)
3 Mountain King
2 Storm Bolt
1 Bash
» actions
| Assign group hotkey | 13 | |
| Basic commands | 33 | |
| Build / train | 34 | |
| Enter build submenu | 11 | |
| Enter hero's abilities submenu | 3 | |
| Right click | 447 | |
| Select / deselect | 131 | |
| Select group hotkey | 160 | |
| Use ability | 30 | |
862 total
» units
» upgrades
» buildings
| Barracks | 2 | |
| Farm | 6 | |
| Altar of Kings | 1 | |
| Arcane Vault | 1 | |
10 total
» build order
00:07 Barracks
00:17 Farm
00:36 Altar of Kings
00:57 Farm
01:38 Farm
02:10 Arcane Vault
02:27 Farm
03:08 Farm
03:16 Barracks
04:06 Farm
» items
| Scroll of Regeneration | 1 | |
| Lesser Clarity Potion | 2 | |
| Scroll of Speed | 1 | |
4 total

»
Dabu (
green | 26 APM | 1460 actions | 56:39)
2 Mountain King
1 Storm Bolt
1 Bash
1 Archmage
1 Summon Water Elemental
» actions
| Assign group hotkey | 64 | |
| Basic commands | 34 | |
| Build / train | 38 | |
| ESC pressed | 15 | |
| Enter build submenu | 23 | |
| Enter hero's abilities submenu | 3 | |
| Right click | 202 | |
| Select / deselect | 354 | |
| Select group hotkey | 170 | |
| Use ability | 554 | |
1460 total
» units
| Peasant | 10 | |
| Footman | 10 | |
| Rifleman | 1 | |
| Goblin Zeppelin | 1 | |
22 total
» upgrades
| Defend | 1 | |
| Swords | 1 | |
| Plating | 1 | |
| Gunpowder | 1 | |
| Armor | 1 | |
| Long Rifles | 1 | |
6 total
» buildings
| Farm | 8 | |
| Altar of Kings | 1 | |
| Barracks | 2 | |
| Scout Tower | 2 | |
| Arcane Tower | 1 | |
| Blacksmith | 3 | |
| Lumber Mill | 1 | |
| Keep | 1 | |
| Guard Tower | 2 | |
| Town Hall | 1 | |
| Castle | 1 | |
| Arcane Sanctum | 2 | |
25 total
» build order
00:22 Farm
00:38 Altar of Kings
00:55 Barracks
01:33 Farm
01:54 Scout Tower
02:02 Farm
02:11 Farm
02:35 Farm
02:42 Barracks
02:54 Farm
03:02 Arcane Tower
03:17 Farm
03:20 Scout Tower
03:59 Farm
05:21 Blacksmith
06:20 Lumber Mill
07:23 Keep
08:06 Guard Tower
09:47 Town Hall
09:52 Castle
10:31 Arcane Sanctum
10:36 Arcane Sanctum
11:26 Blacksmith
11:28 Blacksmith
17:46 Guard Tower
4v44funntu (
pink | 79 APM | 4472 actions | 56:39)
8 Blademaster
3 Wind Walk
3 Critical Strike
1 Bladestorm
1 Mirror Image
» actions
| Assign group hotkey | 142 | |
| Basic commands | 145 | |
| Build / train | 195 | |
| ESC pressed | 15 | |
| Enter build submenu | 101 | |
| Enter hero's abilities submenu | 8 | |
| Give item / drop item | 6 | |
| Remove unit from queue | 7 | |
| Right click | 1592 | |
| Select / deselect | 577 | |
| Select group hotkey | 1099 | |
| Use ability | 585 | |
4472 total
» units
| Peon | 13 | |
| Grunt | 3 | |
| Goblin Shredder | 4 | |
| Goblin Zeppelin | 8 | |
| Wind Rider | 8 | |
| Troll Batrider | 8 | |
| Siege Engine | 2 | |
| Peasant | 7 | |
53 total
» upgrades
| Melee Weapons | 3 | |
| Berserker Strength | 1 | |
| Armor | 3 | |
| Ranged Weapons | 3 | |
| Envenomed Spears | 1 | |
| Pillage | 1 | |
| Reinforced Defenses | 1 | |
| Masonry | 3 | |
| Plating | 3 | |
| Gunpowder | 2 | |
| Liquid Fire | 1 | |
| Barrage | 1 | |
| Troll Regeneration | 1 | |
| Spiked Barricades | 3 | |
| Backpack | 1 | |
| Ensnare | 1 | |
| War Drums Damage Increase | 1 | |
| Berserker Upgrade | 1 | |
| Burning Oil | 1 | |
32 total
» buildings
| Orc Burrow | 8 | |
| Altar of Storms | 1 | |
| Barracks | 1 | |
| Voodoo Lounge | 1 | |
| War Mill | 1 | |
| Stronghold | 5 | |
| Watch Tower | 55 | |
| Fortress | 2 | |
| Beastiary | 4 | |
| Great Hall | 3 | |
| Lumber Mill | 1 | |
| Keep | 1 | |
| Scout Tower | 32 | |
| Guard Tower | 28 | |
| Castle | 4 | |
| Workshop | 1 | |
| Cannon Tower | 3 | |
151 total
» build order
00:06 Orc Burrow
00:52 Altar of Storms
00:55 Barracks
01:20 Orc Burrow
02:06 Voodoo Lounge
02:48 War Mill
03:24 Orc Burrow
04:23 Orc Burrow
04:32 Stronghold
04:32 Stronghold
04:32 Stronghold
05:41 Watch Tower
05:44 Watch Tower
07:10 Fortress
07:11 Fortress
07:19 Beastiary
07:23 Beastiary
07:27 Beastiary
09:18 Great Hall
09:28 Watch Tower
10:46 Watch Tower
10:49 Watch Tower
10:49 Watch Tower
11:15 Watch Tower
11:43 Lumber Mill
11:48 Keep
12:02 Watch Tower
12:06 Watch Tower
12:21 Scout Tower
12:22 Scout Tower
12:23 Scout Tower
12:25 Scout Tower
12:26 Scout Tower
12:27 Scout Tower
12:28 Scout Tower
12:29 Scout Tower
12:30 Scout Tower
12:32 Scout Tower
12:34 Scout Tower
12:35 Scout Tower
12:36 Scout Tower
13:03 Guard Tower
13:04 Guard Tower
13:04 Guard Tower
13:31 Watch Tower
13:35 Watch Tower
13:42 Guard Tower
14:47 Guard Tower
14:47 Guard Tower
14:48 Castle
14:48 Castle
14:49 Castle
14:58 Scout Tower
14:59 Scout Tower
15:00 Scout Tower
15:01 Scout Tower
15:02 Scout Tower
15:06 Scout Tower
15:07 Scout Tower
15:16 Watch Tower
15:17 Watch Tower
15:19 Watch Tower
15:21 Watch Tower
15:24 Watch Tower
15:28 Watch Tower
15:56 Workshop
16:01 Guard Tower
16:02 Guard Tower
16:02 Guard Tower
16:38 Watch Tower
16:39 Watch Tower
16:40 Watch Tower
16:41 Watch Tower
16:43 Watch Tower
16:56 Scout Tower
16:57 Scout Tower
16:58 Scout Tower
16:59 Scout Tower
17:01 Scout Tower
17:02 Scout Tower
17:03 Scout Tower
18:07 Guard Tower
18:07 Guard Tower
18:08 Guard Tower
18:11 Scout Tower
18:12 Scout Tower
18:14 Scout Tower
18:21 Scout Tower
18:23 Scout Tower
18:40 Guard Tower
18:41 Guard Tower
18:41 Guard Tower
18:42 Guard Tower
18:43 Guard Tower
18:43 Guard Tower
18:43 Guard Tower
19:36 Cannon Tower
19:36 Cannon Tower
21:34 Orc Burrow
21:37 Orc Burrow
22:24 Orc Burrow
22:25 Orc Burrow
22:54 Watch Tower
22:55 Watch Tower
22:56 Watch Tower
22:57 Watch Tower
22:59 Watch Tower
23:00 Watch Tower
23:26 Stronghold
24:49 Beastiary
25:06 Great Hall
27:58 Great Hall
28:53 Watch Tower
28:56 Watch Tower
28:59 Watch Tower
29:00 Watch Tower
29:15 Watch Tower
29:16 Watch Tower
29:17 Watch Tower
29:17 Watch Tower
30:08 Watch Tower
30:14 Watch Tower
30:18 Watch Tower
30:25 Watch Tower
30:40 Watch Tower
31:29 Watch Tower
31:36 Watch Tower
31:38 Watch Tower
31:38 Watch Tower
35:52 Watch Tower
35:53 Watch Tower
35:55 Watch Tower
35:57 Watch Tower
36:00 Watch Tower
37:19 Watch Tower
37:20 Watch Tower
37:22 Watch Tower
38:15 Watch Tower
38:19 Watch Tower
» items
| Healing Salve | 3 | |
| Lesser Clarity Potion | 3 | |
| Scroll of Town Portal | 1 | |
| Orb of Lightning | 1 | |
| Potion of Mana | 1 | |
| Tiny Great Hall | 5 | |
14 total
Lunatik (
orange | 18 APM | 1013 actions | 56:39)
5 Blademaster
1 Wind Walk
3 Critical Strike
1 Mirror Image
3 Shadow Hunter
2 Healing Wave
1 Hex
» actions
| Assign group hotkey | 15 | |
| Basic commands | 184 | |
| Build / train | 67 | |
| Enter build submenu | 12 | |
| Enter hero's abilities submenu | 8 | |
| Remove unit from queue | 6 | |
| Right click | 105 | |
| Select / deselect | 377 | |
| Select group hotkey | 151 | |
| Use ability | 87 | |
1013 total
» units
| Peon | 10 | |
| Troll Headhunter/Berserker | 16 | |
| Shaman | 5 | |
31 total
» upgrades
| Spiked Barricades | 1 | |
| Ranged Weapons | 2 | |
| Armor | 2 | |
| Troll Regeneration | 1 | |
| Shaman Training | 2 | |
| Reinforced Defenses | 1 | |
9 total
» buildings
| Orc Burrow | 5 | |
| Altar of Storms | 1 | |
| War Mill | 1 | |
| Barracks | 1 | |
| Voodoo Lounge | 1 | |
| Watch Tower | 2 | |
| Stronghold | 1 | |
| Spirit Lodge | 1 | |
| Fortress | 1 | |
14 total
» build order
00:24 Orc Burrow
00:38 Altar of Storms
00:54 War Mill
01:20 Orc Burrow
01:47 Barracks
02:17 Voodoo Lounge
02:33 Orc Burrow
04:07 Watch Tower
04:16 Watch Tower
05:18 Stronghold
06:00 Orc Burrow
06:36 Orc Burrow
07:49 Spirit Lodge
07:51 Fortress
» items
| Healing Salve | 4 | |
| Scroll of Speed | 4 | |
| Lesser Clarity Potion | 2 | |
| Orb of Lightning | 2 | |
| Potion of Healing | 1 | |
| Scroll of Town Portal | 1 | |
14 total
Chat log
(00:25 / All) Lycheehunter: Dabu
(00:27 / All) Lycheehunter: Welldone
(03:12 / Allies) therigisreal: what
(03:18 / Allies) Lycheehunter: ]come
(03:27 / Allies) Lycheehunter: hurry
(03:43 / Allies) therigisreal: if gloves of haste I want otherwise you can have
(04:14 / Allies) Lycheehunter: im eating trees
(04:20 / Allies) therigisreal: can I take island
(04:45 / Allies) Lycheehunter: yes dont be shitty
(06:09 / Allies) therigisreal: omw
(07:40 / Allies) OurHope: srslY?
(07:51 / Allies) therigisreal: already got it cleared
(07:51 / Allies) Lycheehunter: attack
(07:59 / Allies) therigisreal: already got it cleared
(08:03 / Allies) Lycheehunter: i was talking to my friends
(08:51 / Allies) appie: target hero
(09:43 / All) Phantom299: gg
(09:56 / All) 4v44funntu: why did he leave LOL
(11:06 / Allies) OurHope: red?
(11:08 / Allies) OurHope: xd
(11:23 / All) Lycheehunter: blue couldnt help
(11:30 / All) 4v44funntu: you suck ass lol
(12:19 / All) Lunatik: gg
(12:21 / All) Lunatik: green suikd
(12:26 / All) Dabu: blame dabu
(12:31 / All) Dabu: /blameshift
(12:33 / All) Lunatik: fukin crazy that he play9in this long and that bad
(12:34 / All) Dabu: or is it #blameshift
(12:44 / All) Dabu: thats why im 13 games above 50% solo
(12:54 / All) Dabu: i went along with yellow's footie rush
(12:55 / All) Lunatik: uhuh bro u slo as hell
(12:58 / All) Lunatik: trash
(13:00 / All) Dabu: the last game i played we won with footie rush
(13:09 / All) Lunatik: cant evn figure out how to make units
(13:17 / All) Lunatik: u at 30 gfood and he had mass chims
(13:21 / All) Lunatik: figure that out
(13:24 / All) Dabu: i lost all my footies to rush
(13:33 / All) Lunatik: bro fukin footys
(13:39 / All) Lunatik: ur trash we tk ya from now on
(13:50 / Allies) appie: he tk
(14:01 / All) Lycheehunter: fuck
(14:06 / All) Dabu: why u tking me man
(14:10 / All) Dabu: i have no gold i can't revive hero
(14:14 / All) Lunatik: why not
(14:26 / All) Dabu: thats why im level 25
(14:28 / All) Dabu: and ur level 16
(14:32 / All) Dabu: im sure its "decay"
(14:36 / All) Dabu: im 229-238
(14:45 / All) Dabu: ur 162-180
(14:50 / All) Dabu: clearly 18 games below 50%
(15:14 / All) Dabu: let me kill some chims
(15:16 / All) Dabu: so im not bottom score
(15:17 / All) Dabu: plz
(15:18 / All) Dabu: :)
(15:30 / All) Dabu: im sitting on 375 gold
(15:33 / All) Dabu: i BARELY cannot rebuild
(16:05 / All) appie: sorry
(16:16 / All) Lunatik: gg
(16:20 / All) Lunatik: we had this trash
(16:40 / All) Lunatik: good god green talkin bout his record but he sukd
(16:46 / All) Lunatik: must be hacker
(16:48 / All) Lunatik: gg
(17:48 / All) 4v44funntu: pathetic purple lol
(18:08 / All) Lycheehunter: why because i not be boring and creep and expo
(19:01 / Allies) therigisreal: lumber?
(21:16 / All) appie: pink
(21:22 / All) appie: can u kill my base plz, pink?
(21:59 / All) Lycheehunter: wow
(22:05 / All) Lycheehunter: ur towers suck
(22:06 / All) Dabu: STOP
(22:26 / All) Dabu: STOP TKING O"UR OWN BASE WITH TOWERS
(22:32 / All) Dabu: Lunatik tk
(22:33 / All) Dabu: lol
(22:38 / All) Dabu: we were gonna lose anyway, but still
(22:51 / All) Lunatik: gg
(23:00 / All) Lunatik: cant believe green been playin long time
(23:04 / All) Lunatik: pure trash
(23:14 / All) Dabu: ok
(23:19 / All) Dabu: ill go back to jacking off to child porn
(23:20 / All) Dabu: happy?!
(23:51 / All) Lycheehunter: blues tking
(23:53 / All) Lycheehunter: BTW
(24:17 / Allies) OurHope: stop tking
(24:26 / All) appie: kill blue plz
(24:30 / All) appie: teal, kill blue
(24:30 / All) Dabu: I can't
(24:32 / Allies) OurHope: blue why
(24:33 / All) appie: teal, kill blue
(24:38 / All) appie: teal, kill blue
(24:48 / Allies) OurHope: i cant web allied units
(24:54 / Allies) OurHope: why blue
(25:06 / Allies) OurHope: blue why?
(25:09 / All) appie: becuz he is gay
(25:14 / All) appie: teal we trust u
(25:16 / All) appie: plz kill blue
(25:19 / Allies) therigisreal: because ya'll r fucc niggas
(25:21 / Allies) OurHope: stop
(25:24 / Allies) OurHope: what?
(25:25 / All) 4v44funntu: Blue is a good guy
(25:28 / Allies) OurHope: why man
(25:28 / All) 4v44funntu: helps give me this easy win
(25:31 / Allies) OurHope: we didnt do anything
(25:33 / Allies) OurHope: just end this
(25:49 / Allies) OurHope: dude whats wrong with you?
(25:51 / Allies) OurHope: why are you tking?
(26:09 / Allies) OurHope: dude what on earth did i do to you?
(26:11 / Allies) OurHope: what is wrong with you
(26:14 / All) appie: lol green r u still there?
(26:19 / All) appie: why u didn't leave, green? lol
(26:28 / Allies) Lycheehunter: teale
(26:32 / Allies) Lycheehunter: sorry i was away
(26:36 / Allies) OurHope: we lose
(26:37 / Allies) OurHope: he tks
(26:41 / Allies) OurHope: for no reason man
(26:42 / Allies) Lycheehunter: not happening
(26:45 / Allies) OurHope: i dont get it
(27:05 / Allies) OurHope: i didnt even speak all game
(27:13 / All) OurHope: gg
(27:18 / All) Dabu: im doing better than lunatik
(27:19 / All) Lycheehunter: please dont
(27:21 / All) Dabu: at least i have hero
(27:22 / All) Dabu: ^_^
(28:53 / Allies) OurHope: why are you doing this....
(29:05 / Allies) therigisreal: because im head nigga in charge, feel me?
(29:13 / Allies) OurHope: that makes no sense dude
(29:15 / Allies) OurHope: just help us end..
(29:25 / All) appie: blue is just gay
(29:33 / Allies) OurHope: what the fuck is your problem man
(29:41 / Allies) OurHope: you have issues
(29:45 / Allies) OurHope: seriously
(29:49 / Allies) OurHope: we said nothing to u all game
(29:50 / Allies) OurHope: jus tplayed
(29:57 / Allies) OurHope: and when we are killing the last base you TK?
(30:03 / Allies) OurHope: i;ve played this game since 2002 RoC
(30:07 / Allies) OurHope: never seen some bullshit like this
(30:09 / Allies) OurHope: fuck you
(30:41 / Allies) OurHope: you ahve fucking mental issues
(30:44 / All) appie: pink green leave
(30:47 / All) appie: u lose
(30:55 / All) therigisreal: FEAR OF A BLACK PLANET
(30:56 / All) 4v44funntu: I think I win
(30:57 / All) therigisreal: HOTEP
(31:01 / All) therigisreal: UHURU
(31:06 / All) 4v44funntu: You should've just left at the start and uprooted your tree and suicided or something
(31:09 / All) Dabu: orange is still here
(31:12 / All) 4v44funntu: you wouldn't have contributed anything anyway
(31:16 / All) appie: lol oj
(31:19 / All) appie: orange wow
(31:31 / All) OurHope: u didnt win
(31:34 / All) OurHope: just TK
(31:39 / All) OurHope: For no reason.
(31:54 / All) 4v44funntu: I will finish the game with a victory screen, I'm in it to win it
(32:01 / All) 4v44funntu: you will finish with a DEFEAT!
(32:08 / All) OurHope: stfu retard
(32:12 / All) 4v44funntu: I'm also going to have a higher score screen than you teal
(32:15 / All) 4v44funntu: how does that make you feel?
(32:19 / All) OurHope: you can fucking stfu
(32:22 / All) OurHope: and kill urself
(32:23 / All) OurHope: faggot
(32:26 / All) OurHope: how does that make you feel?
(32:32 / All) OurHope: huh?
(32:33 / All) Dabu: pink is the hero of my team
(32:33 / All) 4v44funntu: you should, how long have you played this game and you can't get a top score?
(32:37 / All) OurHope: go fucking kill urself bitch
(32:39 / All) 4v44funntu: might as well give up at life
(32:41 / All) 4v44funntu: I'm a winner
(32:44 / All) OurHope: Go fucking kill urself faggot?
(32:46 / All) 4v44funntu: you are 15-3 now
(32:48 / All) OurHope: Does that make you feel better?
(32:51 / All) 4v44funntu: how does it feel on your record?
(32:54 / All) OurHope: Go fucking hang yourself you worthless geek
(33:05 / All) 4v44funntu: time to make a new account teal, your record has 3 losses baby
(33:07 / All) OurHope: I know you wanna do it faggot
(33:08 / All) appie: wow /stats ourhope, he is 15win and only 2lose
(33:09 / All) 4v44funntu: and meanwhile I have my very first win
(33:12 / All) therigisreal: Beat it, fucc nigga
(33:16 / All) OurHope: Time to hang yourself because you're a worthless fucking sack of shit
(33:19 / All) 4v44funntu: on this fresh, shiny new 0-0 account, I'm going to be 1-0
(33:23 / All) 4v44funntu: while you will be 15-3 lmao!
(33:34 / All) OurHope: Go fucking hang yourself faggot.
(33:37 / All) Dabu: /stats AddToKodoFolder
(33:38 / All) Dabu: he's 33-4
(33:39 / All) OurHope: And you're garbage
(33:42 / All) 4v44funntu: you sound pretty butthurt teal
(33:45 / All) appie: so this game now -> PINK vs BLUE
(33:47 / All) 4v44funntu: sure you haven't been taking it up the ass?
(33:49 / All) appie: BLUE VS PINK
(33:51 / All) OurHope: Go fucking hang yourself faggot
(33:53 / All) 4v44funntu: nvm I know you have been, you did this game haha
(33:55 / All) OurHope: Your life sucks
(33:59 / All) 4v44funntu: hehehe
(34:00 / All) OurHope: Go fucking hang yourself faggot
(34:02 / All) therigisreal: If teal leaves
(34:03 / All) 4v44funntu: what do you do for a living teal
(34:06 / All) therigisreal: I will let red and purple win
(34:07 / All) 4v44funntu: what's so good about your life man?
(34:13 / All) appie: green r u there? lol
(34:18 / All) Dabu: im here
(34:20 / All) therigisreal: Teal is a rich privileged white boi, he doesn't deserve a win
(34:21 / All) Lunatik: looks like blu and pink are buddys
(34:24 / All) Dabu: i lost all my peons
(34:29 / All) Dabu: so i can't rebuild
(34:30 / All) Dabu: :(
(34:33 / All) therigisreal: I only let my intersectionality peeps win, feel me?
(34:34 / Allies) OurHope: ill fucking ddos you
(34:34 / Allies) OurHope: bitch
(34:35 / All) appie: me too
(34:36 / All) appie: lol
(34:40 / All) appie: my wisp all dead
(34:45 / All) 4v44funntu: teal how do you feel right now
(34:50 / All) 4v44funntu: I feel good, do you?
(34:55 / All) 4v44funntu: I enjoy playing video games for fun
(34:55 / Allies) OurHope: im not even white you fucking retard
(34:56 / Allies) OurHope: LMFAO
(34:59 / All) 4v44funntu: and I had a lot of fun this game
(35:04 / All) 4v44funntu: boy oh boy did I have fun
(35:24 / All) 4v44funntu: Teal did you enjoy playing with me as much as I did with you? GG man
(35:29 / All) Lunatik: blu and pink are buddie
(35:33 / All) appie: lol this game is TEAL vs BLUE
(35:38 / All) 4v44funntu: this game was a true esport, grubby would be proud of you teal
(35:44 / Allies) OurHope: red your a fucking idiot
(35:52 / Allies) therigisreal: ready 2 die cracker?
(35:58 / Allies) OurHope: im not white
(36:01 / Allies) OurHope: you retard
(36:02 / Allies) OurHope: HAHA.
(36:07 / Allies) therigisreal: whats ur race fam
(36:12 / Allies) OurHope: get a fucking life
(36:14 / Allies) OurHope: loser
(36:16 / Allies) OurHope: you attack someone
(36:18 / Allies) OurHope: who did nothing to you
(36:19 / Allies) therigisreal: whats ur race maybe i let you win
(36:21 / Allies) OurHope: *you have issues
(36:26 / Allies) OurHope: you ahve fucking issues kid
(36:28 / Allies) OurHope: i dont give a shit
(36:31 / Allies) OurHope: go fucking kill urself
(36:32 / Allies) OurHope: faggot
(36:32 / Allies) therigisreal: Only gonna ask 1 mo time
(36:34 / All) appie: teal is really angry now
(36:34 / Allies) therigisreal: whats ur race
(36:37 / Allies) OurHope: only ask your fucking mom
(36:39 / Allies) OurHope: you fucking loser
(36:42 / Allies) OurHope: and go fucking kill urself bitch
(36:44 / Allies) OurHope: pathetic faggot
(36:46 / Allies) therigisreal: aight den
(36:47 / Allies) OurHope: look at how you spend ur time
(36:48 / Allies) OurHope: LMFAO
(36:49 / Allies) therigisreal: be that way, craacker
(36:49 / All) 4v44funntu: so I bet he is
(36:52 / All) Lunatik: ehh blu and pink are bitches
(37:14 / All) Dabu: i thought i was the bitch
(37:15 / All) Lunatik: sad when u gotta do shadt shit to win like this hahahahah
(37:16 / All) Dabu: or was i just the noob
(37:25 / All) Lunatik: u suk like 1 thats foir sure
(37:32 / All) Dabu: O:-)
(37:37 / All) Lunatik: green sukd more thne his mom
(37:41 / All) Dabu: who played worse
(37:44 / All) 4v44funntu: Teal, how does it feel playing against someone above your skill level?
(37:45 / All) Dabu: me or yellow
(37:47 / All) Lunatik: and she was a fluffer til she got old
(37:50 / Allies) therigisreal: IM BLACK N IM PROUD
(37:53 / Allies) therigisreal: IM BLACK N IM PROUD
(38:08 / Allies) therigisreal: u gon die white boi
(38:20 / Allies) therigisreal: you dont respect the prez trump now u die
(38:27 / All) appie: BLACK PEOPLE = DOG
(38:27 / Allies) therigisreal: you starbucks sippin homo
(38:29 / Allies) OurHope: youre just attacking me for no reason
(38:32 / Allies) OurHope: i never did shit to you
(38:33 / Allies) therigisreal: u gon die white boi
(38:34 / Allies) OurHope: i just played
(38:36 / Allies) OurHope: get a fucking life
(38:37 / Allies) OurHope: loser
(38:44 / Allies) therigisreal: u white
(38:46 / Allies) OurHope: BABLBE MORE BULLSHIT FAG
(38:51 / Allies) therigisreal: and u dont respect our prez
(38:55 / Allies) OurHope: SHUT UP
(38:56 / All) appie: PINK what r u doing?
(38:58 / Allies) OurHope: FAGGOT
(39:00 / Allies) OurHope: BABBLE MORE BULLSHIT
(39:00 / All) appie: plz attack us plz
(39:01 / All) 4v44funntu: winning
(39:01 / Allies) OurHope: ALL IDID WAS PLAY
(39:03 / All) appie: pink!
(39:03 / Allies) OurHope: YOU HAVE FUCKING ISSUES
(39:07 / All) Lunatik: they buddies
(39:14 / All) Lunatik: blu and pink planeed this
(39:20 / All) Lunatik: see
(39:24 / All) appie: lol pink dont attack BLUE
(39:31 / All) 4v44funntu: he has a lot more units than teal here
(39:33 / Allies) therigisreal: come back n fight pussy white boi
(39:37 / All) 4v44funntu: why would I attack his units
(39:39 / Allies) therigisreal: trust fund baby
(39:59 / All) Dabu: take moon wells off autoheal
(40:02 / All) Dabu: teal
(40:03 / All) Lunatik: see
(40:05 / All) Dabu: just a suggestion
(40:11 / All) Lunatik: blu and pink are sister bitches
(40:13 / All) Dabu: Im rooting for blue dont get me wrong
(40:17 / All) Dabu: but...
(40:28 / All) Lycheehunter: alright game over
(40:29 / All) Dabu: moon wells can backfire when they autoheal blue's wyverns
(40:40 / All) Dabu: purp
(40:43 / All) Dabu: how do u find ffa
(40:47 / All) Dabu: what time of day??
(40:55 / All) Dabu: i am interesting in playing FFA some time besides custom
(41:28 / All) 4v44funntu: good try, teal, but I am still the superior player gg
(41:30 / All) therigisreal: U DONT RESPECT OUR PREZ
(41:32 / All) therigisreal: THEN U DIE
(41:36 / All) therigisreal: U RICH WHITE BOI FUCC NIGGA
(42:31 / All) appie: i will report this game
(42:34 / All) appie: blue u will die
(42:38 / All) Dabu: y?
(42:41 / All) Dabu: hehehehe
(42:59 / All) appie: BLUE mother is Dog
(43:00 / All) appie: lol
(43:02 / All) therigisreal: i will report u for tking last game
(43:04 / All) therigisreal: fucc nigga
(43:10 / All) 4v44funntu: Red is mad that he has been beat by a superior player
(43:11 / All) therigisreal: stupid chink
(43:17 / All) therigisreal: stupid chink backstabber and FUCC NIGGA
(43:21 / All) therigisreal: FEAR OF A BLACK PLANET
(43:32 / All) Lunatik: u bitches just did shady shit
(43:39 / All) Lunatik: but thats cool
(43:46 / All) 4v44funntu: I'm a superior player to you orange
(43:50 / All) 4v44funntu: you're a newbie
(44:01 / All) Lunatik: only when u got help on other side chump
(44:02 / All) 4v44funntu: you are 162-180, so many games below even 50%, for a reason
(44:09 / All) Dabu: 4v44funntu > dabu > lunatik > phantom299
(44:38 / All) Lunatik: green was worst tonite
(44:39 / All) 4v44funntu: wow that's a lot better than these other guys
(44:50 / All) Lunatik: and i seen celebriegel twice
(44:53 / All) 4v44funntu: can you join a clan with stats like those green?
(45:00 / All) Dabu: yea
(45:02 / All) Dabu: im in clan s4s
(45:12 / All) Dabu: my clan has the #1 RT player UnHolyDreadLord
(45:15 / All) Dabu: /stats unholydreadlord
(45:24 / All) 4v44funntu: how good do you need to be to join that clan? would I qualify for it? I'm about to be 1-0 so I will have a 100% win rate
(45:35 / All) Dabu: im not sure... its a fun hangout channel though
(45:46 / All) Lunatik: hahahahahah newb ass bitch
(45:51 / All) Dabu: they accept 50% average players as long as they play 4v4 a lot
(45:52 / All) 4v44funntu: I think 100% is a good stat, better than teal's will be after this game for sure
(46:01 / All) Lunatik: u would hav eto have blu onn other side so u couod win pink
(46:12 / All) 4v44funntu: what are you even talking about?
(46:16 / All) Dabu: im a recoverd meth user and warcraft is helping me in my sobriety
(46:25 / All) Dabu: some ppl talk shit about it but im doing better for myself
(46:26 / All) Dabu: ^_^
(46:27 / All) 4v44funntu: wow, you used to do meth green?
(46:34 / All) Dabu: yeh... not very much tho
(46:39 / All) Dabu: i still have all my teeth
(46:43 / All) Dabu: and i never stole to get my fix
(46:44 / All) appie: you lose blue
(46:45 / All) appie: pink win
(46:47 / All) 4v44funntu: I've thought of trying amphetamines because I think it might boost my skill at WC3
(46:49 / All) appie: pink you win
(46:51 / All) Dabu: i mostly like weed and alcohol
(46:56 / All) therigisreal: Maybe, maybe not
(46:59 / All) Dabu: but im an alcoholic i think
(47:01 / All) therigisreal: Feel em in on the details, pal
(47:11 / All) appie: teal is afk now
(47:25 / All) 4v44funntu: Blue and I just met this game and haven't planned anything until now, but we've decided to kill everything including our own
(47:26 / All) 4v44funntu: units
(47:38 / All) 4v44funntu: and you will all have equal chances at victory
(47:48 / All) appie: pink, blue has only 50 unit/100, you can win
(47:55 / All) 4v44funntu: you can leave all your PCs on all night for the win, sound fair?
(48:05 / All) Dabu: ok
(48:07 / All) Dabu: goodnight all
(48:17 / All) Dabu: I have court at 10:45 am anyway
(48:20 / All) 4v44funntu: sleep tight and stay sober man
(48:23 / All) 4v44funntu: what are you going to court for?
(48:30 / All) Dabu: i'd rather not discuss on here
(48:37 / All) Dabu: ill be aroudn on bnet
(48:42 / All) appie: omg guys, this is not chatting room!!!! it is game!!!!!!!
(48:43 / All) Dabu: if u ever meet me again and ur on another account
(48:44 / All) 4v44funntu: aight, good luck in court dude
(48:47 / All) Dabu: Just remember im Dabu
(48:50 / All) Dabu: thx
(48:52 / All) 4v44funntu: will do
(48:59 / All) Dabu: hit me up and thx for the good luck
(49:04 / All) Dabu: i remember AIM aol instant messenger
(49:09 / All) Dabu: now THAT was an awesome chat program
(49:19 / All) therigisreal: theres aint nuthin wrong with hanging and chatting
(49:42 / All) appie: lol oj is still here
(49:59 / All) appie: orange, do u want win?
(50:06 / All) appie: lol
(50:12 / All) Dabu: red deserves win
(50:14 / All) Dabu: so does pink
(50:24 / All) 4v44funntu: everyone deserves a chance to win man
(50:27 / All) appie: i like blue
(50:27 / All) Dabu: teal kinda deserves win, but he's been kind of mean to me
(50:28 / All) 4v44funntu: everyone is going to have a fair chance
(50:31 / All) appie: i like black
(50:33 / All) 4v44funntu: it'll only be limited to your pc power
(50:42 / All) 4v44funntu: equal rights for everyone
(50:47 / All) therigisreal: i have no respect for a cuck
(50:59 / All) therigisreal: respect ur prez, or die
(51:05 / All) Dabu: i voted for trump
(51:10 / All) appie: me too
(51:12 / All) appie: TRUMP!
(51:21 / All) Dabu: 1st election where the republican said he was against the iraq war
(51:28 / All) Dabu: but democrat actually voted for it
(51:29 / All) Dabu: lol
(51:40 / All) Dabu: same with patriot act
(51:44 / All) Dabu: hillary voted for pat act
(51:45 / All) Dabu: anyway
(51:50 / All) Dabu: we're being revealed O_O
(52:00 / All) Dabu: the NSA can see our location of our peons
(53:04 / All) appie: pink do something
(53:08 / Allies) therigisreal: oh yeah let off the steam from that impotent rage white boi
(54:16 / Allies) appie: so blue
(54:20 / Allies) appie: u want win? or lose?
(54:58 / Allies) therigisreal: muh dik
(56:35 / All) therigisreal: Aight we outtie, UHURU